 Dungeon Crawl Stone Soup version 0.24.0 (webtiles) character file.

Game seed: 3364281011215942848, levelgen mode: deterministic

57 NeoElementia the Digger (level 4, -7/24 HPs)
             Began as a Gargoyle Earth Elementalist on Mar 5, 2020.
             Mangled by a gnoll
             ... wielding a +1 halberd of venom
              (12 damage)
             ... on level 2 of the Dungeon.
             The game lasted 00:09:41 (1404 turns).

NeoElementia the Digger (GrEE)                      Turns: 1404, Time: 00:09:42

Health: -7/24      AC:  6    Str: 11    XL:     4   Next: 0%
Magic:  7/8        EV: 12    Int: 17    God:
Gold:   80         SH:  0    Dex: 10    Spells: 5/8 levels left

rFire    . . .     SeeInvis .   (no weapon)
rCold    . . .     Gourm    .   (no shield)
rNeg     + . .     Faith    .   c - +0 robe
rPois    ∞         Spirit   .   (no helmet)
rElec    +         Reflect  .   (no cloak)
rCorr    .         Harm     .   e - +0 pair of gloves
MR       .....                  (no boots)
Stlth    ++........             (no amulet)
HPRegen  0.08/turn              (no ring)
MPRegen  0.11/turn              (no ring)

@: no status effects
A: negative energy resistance 1, electricity resistance, unbreathing,
petrification resistance, rot immunity, AC +3
a: no special abilities


You were on level 2 of the Dungeon.
You were hungry.

You visited 1 branch of the dungeon, and saw 2 of its levels.

You collected 80 gold pieces.

Inventory:

Missiles
 b - 21 stones (quivered)
Armour
 c - a +0 robe (worn)
 e - a +0 pair of gloves (worn)
 g - a +0 shield
Scrolls
 a - 2 scrolls of identify
 f - a scroll of random uselessness {unknown}
Potions
 i - a potion of magic {unknown}
Comestibles
 d - 4 rations


   Skills:
 + Level 2.2 Dodging
 + Level 2.9 Stealth
 + Level 0.4 Unarmed Combat
 + Level 2.8 Spellcasting
 + Level 0.7 Transmutations
 + Level 3.8 Earth Magic


You had 5 spell levels left.
You knew the following spells:

 Your Spells              Type           Power        Failure   Level  Hunger
a - Sandblast             Erth           ###...       3%          1    #......
b - Passwall              Tmut/Erth      ##......     11%         2    ##.....

Your spell library contained the following spells:

 Spells                   Type           Power        Failure   Level  Hunger
 Stone Arrow              Conj/Erth      #.....       24%         3    ###....
 Petrify                  Tmut/Erth      ##......     56%         4    #####..
 Lee's Rapid Deconstruct  Erth           ###.......   71%         5    ######.


Dungeon Overview and Level Annotations

Branches:
Dungeon (2/15)

Altars:


Innate Abilities, Weirdness & Mutations

You are resistant to torment.
Your stone body is resilient. (AC +3)
You are immune to poison.
You resist negative energy. (rN+)
You are resistant to electric shocks. (rElec)
You can survive without breathing.
You are immune to petrification.
You are immune to rotting.


Message History

b - 22 stones The gnoll hits you from afar with a +1 halberd of venom!
Ouch! That really hurt!
Casting: Sandblast (safe; 3% risk of failure)
Confirm with . or Enter, or press ? or * to list all spells.
Aiming: Sandblast (safe; 3% risk of failure)
Press: ? - help, Shift-Dir - straight line, f/p - gnoll
Aim: a gnoll, wielding a +1 halberd of venom (severely wounded)
The blast of sand hits the gnoll!
The gnoll is severely wounded.
b - 21 stones The gnoll hits you from afar with a +1 halberd of venom.
* * * LOW HITPOINT WARNING * * *
The gnoll throws a throwing net.
The throwing net completely misses you. The gnoll hits you but does no damage.
The gnoll hits you but does no damage. The gnoll closely misses you.
The gnoll hits you from afar with a +1 halberd of venom!
Ouch! That really hurt!
You die...

#g##.##.# #.##.##.#
#g##..#.# #.###.#.#
#.###.#.# #.g.g...#
#######g.g# #+#
#......#..#
###.####......#.@#
......##......##.#
.......'......+.>.
###.#.##......#####
#.#.######### #.#.#
..#.# # #.#.# #.#.#


You could see 3 gnolls.

Vanquished Creatures
  An orc priest (D:2)
  An adder (D:2)
  A dart slug (D:1)
  An orc (D:2)
  4 bats (D:1)
  A goblin (D:2)
  2 hobgoblins (D:1)
  2 frilled lizards (D:1)
  3 kobolds
  2 rats (D:1)
18 creatures vanquished.

Notes
Turn   | Place    | Note
-------+----------+-------------------------------------------
     0 | D:1      | NeoElementia the Gargoyle Earth Elementalist began the
                  | quest for the Orb.
     0 | D:1      | Reached XP level 1. HP: 10/10 MP: 3/3
   164 | D:1      | Reached XP level 2. HP: 8/15 MP: 5/5
   275 | D:1      | Learned a level 2 spell: Passwall
  1123 | D:2      | Reached XP level 3. HP: 11/19 MP: 2/6
  1319 | D:2      | Reached XP level 4. HP: 18/24 MP: 5/8
  1404 | D:2      | Mangled by a gnoll

Levels and vault maps discovered:
D:1:      saegor_arrival_miasma, layout_basic
D:2:      layout_basic
